 Dungeon Crawl Stone Soup version 0.22-a0-553-g9358b0b (webtiles) character file.

37 Amnesiac the Cutter (level 3, 0/19 HPs)
             Began as a Vine Stalker Fighter on June 25, 2018.
             Succumbed to an adder's poison
             ... on level 2 of the Dungeon.
             The game lasted 00:01:26 (903 turns).

Amnesiac the Cutter (Vine Stalker Fighter)           Turns: 903, Time: 00:01:27

Health: 0/19       AC:  6    Str: 19    XL:     3   Next: 41%
Magic:  1/4        EV:  7    Int:  8    God:
Gold:   49         SH:  9    Dex: 13    Spells: 2/2 levels left

rFire    . . .     SeeInvis .   a - +0 rapier
rCold    . . .     Gourm    .   c - +0 shield
rNeg     . . .     Faith    .   b - +0 scale mail
rPois    .         Spirit   +   (no helmet)
rElec    .         Reflect  .   (no cloak)
rCorr    .         Harm     .   (no gloves)
MR       .....                  (no boots)
Stlth    ..........             (no amulet)
HPRegen  0.06/turn              (no ring)
MPRegen  0.09/turn              (no ring)

@: lethally poisoned (0 -> -11), flying
A: fangs 2, magic shield, antimagic bite, no potion heal 3, rot immunity
a: no special abilities


You were on level 2 of the Dungeon.
You were not hungry.

You visited 1 branch of the dungeon, and saw 2 of its levels.

You collected 49 gold pieces.

Inventory:

Hand Weapons
 a - a +0 rapier (weapon)
Armour
 b - a +0 scale mail (worn)
 c - a +0 shield (worn)
Scrolls
 e - 2 scrolls of teleportation {!r, unknown}
 h - a scroll of fog {!r, unknown}
Potions
 d - a potion of might {!q}
Comestibles
 f - 2 rations
 g - a chunk of flesh


   Skills:
 - Level 2.6 Fighting
 * Level 3.0 Short Blades
 - Level 2.4 Armour
 + Level 1.1 Dodging
 - Level 2.6 Shields


You had 2 spell levels left.
You didn't know any spells.
Your spell library was empty.

Dungeon Overview and Level Annotations

Branches:
Dungeon (2/15)

Altars:


Innate Abilities, Weirdness & Mutations

You have extremely sharp teeth.
When hurt, damage is shared between your health and your magic reserves.
Your bite disrupts and absorbs the magic of your enemies.
Potions cannot restore your health.
You are immune to rotting.


Message History

A bat is nearby!
You block the bat's attack. The bat hits you but does no damage.
You closely miss the bat. You bite the bat. You drain its power.
The bat is heavily wounded.
You block the bat's attack. The bat barely misses you.
The bat closely misses you. You block the bat's attack.
The bat hits you but does no damage.
You hit the bat.
You kill the bat!
Your Short Blades skill increases to level 3!
No target in view!
No target in view!
You butcher the bat corpse.
g - a chunk of flesh An adder comes into view.
The adder hisses angrily.
You see here a wand of digging (4).
An adder is nearby!
The adder bites you but does no damage.
An adder is nearby!
You miss the adder. You block the adder's attack.
The adder bites you but does no damage.
You barely miss the adder. The adder bites you.
You are poisoned.
The adder poisons you!
You closely miss the adder.
You feel sick. The adder bites you.
You are more poisoned.
The adder poisons you! The adder bites you.
You barely miss the adder.
You feel sick. The adder barely misses you.
You closely miss the adder.
You feel sick. The adder bites you.
* * * LOW HITPOINT WARNING * * *
You are more poisoned.
The adder poisons you! You block the adder's attack.
You hit the adder.
The adder is lightly wounded.
* * * LOW HITPOINT WARNING * * *
You feel sick. You block the adder's attack.
You hit the adder. You bite the adder. You drain its power.
You feel invigorated.
The adder is moderately wounded.
* * * LOW HITPOINT WARNING * * *
You feel sick. You block the adder's attack. The adder barely misses you.
You are too injured to fight recklessly!
You are too injured to fight recklessly!
You are too injured to fight recklessly!
You are too injured to fight recklessly!
You are too injured to fight recklessly!
You closely miss the adder.
The adder is moderately wounded.
* * * LOW HITPOINT WARNING * * *
You feel sick. The adder bites you but does no damage.
Really quaff
i - a metallic sapphire potion {!q}?
It was a potion of flight {!q}.
You feel very buoyant.
You fly up into the air.
* * * LOW HITPOINT WARNING * * *
You feel sick. The adder bites you but does no damage.
You barely miss the adder.
The adder is moderately wounded.
* * * LOW HITPOINT WARNING * * *
You feel sick. You block the adder's attack. The adder bites you.
You hit the adder.
The adder is heavily wounded.
You die...

#.#
#........#
#.#
#<##.###.#
## #.#
#......#.#
#...###.#
#.##.#.#.#
#.....#
#....#.#.#
#.###.#
######.#.#
#.....#
#....#.#
#.#####.#
#.####.#
#...S@/.#
#...##.#
#########
###.##.#
#....#
####.# #(#
###


You could see an adder.

Vanquished Creatures
  A leopard gecko (D:1)
  4 bats
  2 giant cockroaches (D:1)
  4 goblins (D:1)
  6 hobgoblins (D:1)
  6 jackals (D:1)
  2 kobolds (D:1)
  6 rats (D:1)
31 creatures vanquished.

Notes
Turn   | Place    | Note
-------+----------+-------------------------------------------
     0 | D:1      | Amnesiac the Vine Stalker Fighter began the quest for the Orb.
     0 | D:1      | Reached XP level 1. HP: 11/11 MP: 2/2
    65 | D:1      | Reached skill level 2 in Short Blades
   121 | D:1      | Reached XP level 2. HP: 14/16 MP: 3/3
   406 | D:1      | Reached skill level 1 in Dodging
   411 | D:1      | Reached XP level 3. HP: 11/19 MP: 2/4
   881 | D:2      | Reached skill level 3 in Short Blades
   903 | D:2      | Succumbed to an adder's poison

Vault maps used:
D:1:      minmay_arrival_nine_rooms, serial_forest, infiniplex_forest_join,
          infiniplex_forest_lined_3, infiniplex_forest_end_2,
          infiniplex_forest_lined_room_3, infiniplex_forest_diagonal,
          infiniplex_forest_clump_double, infiniplex_forest_lined_room_

Skill      XL: |  1  2  3 |
---------------+----------+-----
Short Blades   | 2 3 |  3.0
Dodging        | 1 |  1.1
Fighting       | |  2.6
Armour         | |  2.4
Shields        | |  2.6

Action                   || total
-------------------------++-------
Melee: Rapier            ||    98
       Bite              ||    28
  Use: Potion            ||     1
Armor: Scale mail        ||    39
Dodge: Dodged            ||    32
Block: Shield            ||    41

Table legend:
 A = Spawn XP
 B = Non-spawn XP
 C = Spawn XP percentage of total XP
 D = Spawn monster count
 E = Non-spawn monster count
 F = Spawn count percentage of total count
 G = Total turns spent on level
                    A         B        C        D         E        F      G
               +---------+---------+-------+---------+---------+-------+---------
         Total |       0 |      54 |   0.0 |       0 |      31 |   0.0 |   903
               +---------+---------+-------+---------+---------+-------+---------
           D:1 |       0 |      52 |   0.0 |       0 |      30 |   0.0 |   829
           D:2 |       0 |       2 |   0.0 |       0 |       1 |   0.0 |    74
               +---------+---------+-------+---------+---------+-------+---------
